 Dungeon Crawl Stone Soup version 0.29-a0-824-gd827844252 (webtiles) character file.

Game seed: 13090699485992314302

38 coolguy69 the Cutter (level 3, -1/20 HPs)
             Began as a Vine Stalker Berserker on July 10, 2022.
             Was a Follower of Trog.
             Slain by a worm (6 damage)
             ... on level 2 of the Dungeon.
             The game lasted 00:00:40 (1783 turns).

coolguy69 the Cutter (Vine Stalker Berserker)       Turns: 1783, Time: 00:00:40

Health: -1/20      AC:  2    Str: 21    XL:     3   Next: 43%
Magic:  0/4        EV: 12    Int:  7    God:    Trog [*.....]
Gold:   82         SH:  0    Dex: 13    Spells: 2/2 levels left

rFire   . . .      SeeInvis .   a - +0 short sword
rCold   . . .      Faith    .   (no shield)
rNeg    . . .      Spirit   +   b - +0 animal skin
rPois   .          Reflect  .   (no helmet)
rElec   .          Harm     .   (no cloak)
rCorr   .          Rampage  .   (no gloves)
Will    .....                   (no boots)
Stlth   +.........              (no amulet)
HPRegen 0.06/turn               (no ring)
MPRegen 0.09/turn               (no ring)

@: no status effects
A: fangs 2, magic shield, antimagic bite, no potion heal 2
a: Renounce Religion, Berserk


You were on level 2 of the Dungeon.
You worshipped Trog.
Trog was aware of your devotion.
You visited 1 branch of the dungeon, and saw 2 of its levels.

You collected 82 gold pieces.

Inventory:

Hand Weapons
 a - a +0 short sword (weapon)
Armour
 b - a +0 animal skin (worn)
Jewellery
 d - a ring of protection from fire
Scrolls
 g - a scroll of fear {unknown}
 j - a scroll of immolation {unknown}
Potions
 c - 3 potions of curing {unknown}
 e - a potion of attraction {unknown}
 f - a potion of mutation {unknown}
 h - 3 potions of heal wounds {unknown}
 i - 2 potions of resistance {unknown}


   Skills:
 + Level 3.1 Fighting
 + Level 3.2 Short Blades
 + Level 1.7 Armour
 + Level 2.0 Dodging
 + Level 0.1 Stealth


You had 2 spell levels left.
You didn't know any spells.
Your spell library was empty.

Dungeon Overview and Level Annotations

Branches:
Dungeon (2/15)

Altars:


Innate Abilities, Weirdness & Mutations

You have extremely sharp teeth.
When hurt, damage is shared between your health and your magic reserves.
Your bite disrupts and absorbs the magic of your enemies.
Potions cannot restore your health.


Message History

A rat comes into view.
A rat is nearby!
A rat is nearby!
The rat closely misses you.
A rat is nearby!
You hit the rat.
You kill the rat!
Trog accepts your kill.
A worm comes into view.
A worm is nearby!
A worm is nearby!
The worm bites you but does no damage.
A worm is nearby!
You completely miss the worm. You bite the worm. You drain its power.
The worm is moderately wounded.
A worm is nearby!
You hit the worm but do no damage. Your bite misses the worm.
The worm is moderately wounded.
The worm bites you!
You hit the worm but do no damage.
The worm is moderately wounded.
You hit the worm.
The worm is moderately wounded.
The worm bites you!
* * * LOW HITPOINT WARNING * * *
You are too injured to fight recklessly!
You are too injured to fight recklessly!
You barely miss the worm.
The worm is moderately wounded.
You completely miss the worm. You bite the worm. You drain its power.
You feel invigorated.
The worm is heavily wounded.
The worm barely misses you.
You hit the worm but do no damage. You bite the worm. You drain its power.
You feel invigorated.
The worm is severely wounded.
You barely miss the worm. You bite the worm. You drain its power.
The worm is severely wounded.
The worm bites you!
You die...

..#...........#
######.####.#.#######
.....................
.####..##........##
.####..###.##.##.#######
....#...........#.......
..#.#.####....##.##
......## #.#####.#
.......# #. #@# .......#
#. #w# .......# #.#
........ ... .......#
#.# ....###. #.# ....#
#.# ..#.# #.# .>#.#


You could see a worm.

Vanquished Creatures
  An adder (D:2)
  2 ball pythons (D:1)
  2 endoplasms (D:1)
  A goblin (D:1)
  2 hobgoblins
  3 jackals (D:1)
  A quokka (D:2)
  3 bats (D:1)
  3 frilled lizards
  7 kobolds
  2 rats
27 creatures vanquished.

Notes
Turn   | Place    | Note
-------+----------+-------------------------------------------
     0 | D:1      | coolguy69 the Vine Stalker Berserker began the quest for
                  | the Orb.
     0 | D:1      | Reached XP level 1. HP: 11/11 MP: 2/2
   305 | D:1      | Reached XP level 2. HP: 16/16 MP: 3/3
   837 | D:1      | Found a faded altar of an unknown god.
  1036 | D:1      | Reached XP level 3. HP: 20/20 MP: 4/4
  1783 | D:2      | Slain by a worm

Illustrated notes

Levels and vault maps discovered:
D:1:      psy_arrival_wood_between_worlds, layout_loops_ring,
          basic_ecumenical_altar
D:2:      layout_loops_ring, nrook_uturn, uniq_crazy_yiuf_cottage

Skill      XL: |  1  2  3 |
---------------+----------+-----
Fighting       | 3 |  3.1
Short Blades   | 3 |  3.2
Dodging        | 2 |  2.0
Armour         | |  1.7
Stealth        | |  0.1

Action                   || total
-------------------------++-------
Melee: Short sword       ||    74
       Bite              ||    20
       Punch             ||     2
 Stab: Sleeping          ||     2
Armor: Animal skin       ||     8
Dodge: Dodged            ||    50

Table legend: (Time is in decaauts)
 A = Elapsed time spent in this place.
 B = Non-inter-level travel time spent in this place.
 C = Inter-level travel time spent in this place.
 D = Time resting spent in this place.
 E = Time spent auto-exploring this place.
 F = Levels seen in this place.
 G = Mean time per level.
                   A        B        C        D        E       F      G
               +--------+--------+--------+--------+--------+-----+--------+
         Total |   1779 |   1730 |     49 |      0 |   1557 |   2 |  889.5 |
       Dungeon |   1779 |   1730 |     49 |      0 |   1557 |   2 |  889.5 |
               +--------+--------+--------+--------+--------+-----+--------+

Top non-repeatable levels by time:
     D:1: 1256 daAuts
     D:2: 522 daAuts
